 Dungeon Crawl Stone Soup version 0.18.1-2-ga659475 (webtiles) character file.

4331 Implojin the Martial Artist (level 10, 0/80 HPs)
             Began as a Mummy Monk on May 8, 2016.
             Slain by a komodo dragon (21 damage)
             ... on level 2 of the Lair of Beasts.
             The game lasted 00:50:46 (19322 turns).

Implojin the Martial Artist (Mummy Monk)           Turns: 19322, Time: 00:50:46

Health: 0/80       AC:  6    Str: 16    XL:     10   Next: 12%
Magic:  10/10      EV: 17    Int:  9    God:
Gold:   523        SH:  0    Dex: 17    Spells: 0 memorised, 9 levels left

rFire  . . .     SeeInvis .       - Unarmed
rCold  + . .     Gourm    .     (no armour)
rNeg   + + +     Faith    .     (no shield)
rPois  ∞         Spirit   .     a - +2 helmet
rElec  .         Dismiss  .     (no cloak)
rCorr  .         Reflect  .     (no gloves)
SustAt .         Harm     .     e - +2 pair of boots
MR     +....                    (no amulet)
Stlth  ++........               k - ring of fire
                                b - ring of protection from cold

@: somewhat resistant to hostile enchantments, unstealthy
A: no food or potions, fire vulnerability, cold resistance 1, negative energy
resistance 3, torment resistance, unbreathing
a: no special abilities


You were on level 2 of the Lair of Beasts.
You were not hungry.

You visited 2 branches of the dungeon, and saw 11 of its levels.
You also visited: Sewer.

You collected 523 gold pieces.

Inventory:

Armour
 a - a +2 helmet (worn)
 e - a +2 pair of boots (worn)
Jewellery
 b - a ring of protection from cold (left hand)
 g - a cursed ring of teleportation {unknown}
 h - an uncursed ring of stealth
 k - a ring of fire (right hand)
 n - an uncursed ring of fire
 o - an uncursed ring of wizardry
Wands
 i - a wand of confusion (4/48)
 r - a wand of acid (5/15)
 t - a wand of slowing (34/48)
 v - a wand of iceblast (5/15)
Scrolls
 f - 5 scrolls of remove curse
 j - 2 scrolls of amnesia
 l - 2 scrolls of teleportation
 m - a scroll of random uselessness
 q - a scroll of magic mapping
 s - a scroll of recharging {unknown}
 u - a scroll of fog {unknown}
 w - a scroll of enchant weapon {unknown}
Comestibles
 c - 7 meat rations
 d - 8 bread rations (quivered)


   Skills:
 - Level 8.0 Fighting
 * Level 7.3 Dodging
 - Level 1.5 Stealth
 - Level 9.0 Unarmed Combat


You had 9 spell levels left.
You didn't know any spells.

Dungeon Overview and Level Annotations

Branches:
Dungeon (9/15)             Temple (0/1) D:7            Lair (2/8) D:9
    Orc: D:9-12

Altars:
Makhleb
Qazlal
Ru

Annotations:
D:3 Grinder
D:5 Wimi090's ghost, novice CeFi
D:8 4 exclusions, Psyche


Innate Abilities, Weirdness & Mutations

You do not eat or drink.
Your flesh is vulnerable to fire.
You are immune to poison.
Your flesh is cold resistant.
You are immune to negative energy.
You are immune to unholy pain and torment.
You can survive without breathing.


Message History

The komodo dragon bites you but does no damage.
The komodo dragon bites you!!
* * * LOW HITPOINT WARNING * * *
Unknown command.
The komodo dragon hisses menacingly.
Found a scroll of identify.
A black mamba comes into view.
You see here a granite ring.
Unknown command.
Read which item? (? for menu, Esc to quit)
Okay, then.
Read which item? (? for menu, Esc to quit)
Okay, then.
The crocodile completely misses you.
Read which item? (? for menu, Esc to quit)
As you read the scroll of fear, it crumbles to dust.
You assume a fearsome visage.
The black mamba looks frightened!
The crocodile looks frightened!
The komodo dragon looks frightened!
You see here a granite ring.
The crocodile completely misses the fungus.
The crocodile bites the fungus!!
Cornered, the crocodile turns to fight!
You see here a granite ring.
g - a granite ring The komodo dragon hisses menacingly.
A giant frog comes into view.
The giant frog croaks.
There is a stone staircase leading down here.
The komodo dragon bites you!
* * * LOW HITPOINT WARNING * * *
You climb downwards. 5 river rats come into view.
There is a stone staircase leading up here.
Unknown command.
Unknown command.
Found a club.
A wolf comes into view.
Read which item? (? for menu, Esc to quit)
Okay, then.
The komodo dragon bites you!!
You die... ### ##.. .... rr#

##..# #r# ...#
#r# #..## #r#
##...# #.#
#P@.## #.#
#..l.# ##.###
#....####.<..#
##...).###.#.#
#..........# #
##....######
#...## #....
#...##


You could see a komodo dragon.

Vanquished Creatures
  A human (D:7)
  A hippogriff (Lair:1)
  2 hungry ghosts (D:8)
  Edmund (D:2)
  2 orc warriors
  A porcupine (Lair:1)
  3 ice beasts
  4 slaves
  4 phantoms
  2 ogres
  A centaur (D:7)
  7 giant frogs
  3 scorpions
  7 wights
  A killer bee (Lair:1)
  2 howler monkeys
  3 crimson imps
  A centaur zombie (D:6)
  A quasit (D:5)
  2 orc priests
  A centaur skeleton (D:4)
  3 hounds
  5 iguanas
  7 orc wizards
  Terence (D:2)
  Natasha (thrice) (D:3)
  8 worker ants
  4 sheep (D:7)
  2 hound skeletons
  A worker ant zombie (D:6)
  15 adders
  5 gnolls
  A howler monkey skeleton (D:4)
  2 shadow imps
  An adder zombie (D:9)
  2 adder skeletons
  4 worms (D:2)
  7 dart slugs
  11 giant geckos
  34 orcs
  8 giant cockroaches
  10 hobgoblins
  18 jackals
  4 quokkas
  3 ball pythons (Sewer)
  3 bats
  4 giant gecko skeletons
  10 giant newts
  15 goblins
  A jackal skeleton (D:5)
  13 kobolds
  A quokka skeleton (D:8)
  10 rats
  A fungus (D:9)
  5 plants (Sewer)
272 creatures vanquished.

Vanquished Creatures (others)
  A giant frog skeleton (D:7)
  A fungus (Lair:1)
2 creatures vanquished.

Grand Total: 274 creatures vanquished

Notes
Turn   | Place    | Note
--------------------------------------------------------------
     0 | D:1      | Implojin the Mummy Monk began the quest for the Orb.
     0 | D:1      | Reached XP level 1. HP: 18/18 MP: 1/1
   281 | D:1      | Reached XP level 2. HP: 24/24 MP: 2/2
   750 | D:1      | Reached skill level 4 in Unarmed Combat
  1150 | D:1      | Reached XP level 3. HP: 29/29 MP: 3/3
  2135 | D:2      | Reached XP level 4. HP: 33/35 MP: 4/4
  2583 | D:2      | Noticed Terence
  2597 | D:2      | Noticed Natasha
  2752 | D:3      | Noticed Grinder
  3062 | D:3      | You fall through a shaft!
  3088 | D:4      | Reached skill level 5 in Unarmed Combat
  3489 | D:4      | Noticed Edmund
  3496 | D:4      | Noticed a slave
  3530 | D:4      | Reached XP level 5. HP: 31/41 MP: 5/5
  3751 | D:3      | Found a sacrificial altar of Ru.
  4154 | D:3      | Killed Natasha
  4154 | D:3      | Reached skill level 6 in Unarmed Combat
  4236 | D:2      | Killed Terence
  4236 | D:2      | Reached XP level 6. HP: 32/47 MP: 6/6
  4863 | D:3      | Noticed Natasha
  4869 | D:3      | Killed Natasha
  4937 | D:3      | Noticed Natasha
  4945 | D:3      | Killed Natasha
  5180 | D:4      | Noticed a slave
  5213 | D:4      | Killed a slave
  5381 | D:3      | Killed a slave
  5542 | D:4      | Noticed a slave
  5924 | D:2      | Killed a slave
  6189 | D:4      | Noticed a slave
  6257 | D:3      | Killed a slave
  8304 | D:2      | Killed Edmund
  8304 | D:2      | Reached skill level 4 in Fighting
  8304 | D:2      | Reached XP level 7. HP: 31/55 MP: 7/7
  8856 | D:4      | Reached skill level 5 in Fighting
 10483 | D:4      | Reached skill level 6 in Fighting
 10490 | D:5      | Entered Level 5 of the Dungeon
 11131 | D:5      | Reached skill level 7 in Unarmed Combat
 11193 | D:5      | Noticed Wimi090's ghost (novice CeFi)
 11328 | D:5      | Reached XP level 8. HP: 50/65 MP: 8/8
 11630 | D:5      | Reached skill level 3 in Dodging
 12003 | D:6      | Reached skill level 4 in Dodging
 12093 | D:6      | Found a glowing drain.
 12170 | Sewer    | Entered a sewer
 12799 | D:6      | Reached skill level 5 in Dodging
 13606 | D:6      | Reached skill level 6 in Dodging
 14241 | D:7      | Found a stormy altar of Qazlal.
 14261 | D:7      | Reached XP level 9. HP: 36/70 MP: 9/9
 14741 | D:7      | Reached skill level 7 in Fighting
 14976 | D:7      | Reached skill level 8 in Fighting
 15224 | D:7      | Found a staircase to the Ecumenical Temple.
 15955 | D:8      | Reached skill level 8 in Unarmed Combat
 16128 | D:8      | Noticed Psyche
 17981 | D:8      | Reached skill level 9 in Unarmed Combat
 18289 | D:8      | Reached XP level 10. HP: 75/80 MP: 10/10
 18329 | D:9      | Found a staircase to the Lair.
 18589 | D:8      | Reached skill level 7 in Dodging
 18623 | Lair:1   | Entered Level 1 of the Lair of Beasts
 18721 | Lair:1   | Noticed a spiny frog
 18967 | Lair:1   | Found a burning altar of Makhleb.
 19259 | Lair:1   | Noticed a black mamba
 19322 | Lair:2   | Slain by a komodo dragon

Skill      XL: |  1  2  3  4  5  6  7  8  9 10 |
---------------+-------------------------------+-----
Unarmed Combat | 4 5 6 7 9 |  9.0
Fighting       | 4 6 8 |  8.0
Dodging        | 6 7 |  7.3
Stealth        | |  1.5

Action                   |  1- 3 |  4- 6 |  7- 9 | 10-12 || total
-------------------------+-------+-------+-------+-------++-------
Melee: Unarmed           |   121 |   365 |  1039 |    59 ||  1584
       Punch             |     6 |     7 |    41 |     3 ||    57
  Use: Scroll            |       |     3 |     9 |     8 ||    20
 Stab: Sleeping          |     5 |     3 |     7 |       ||    15
       Distracted        |       |     1 |     1 |       ||     2
Armor: Robe              |     2 |       |       |       ||     2
       Skin              |     3 |    42 |   123 |    10 ||   178
Dodge: Dodged            |    52 |   195 |   537 |    55 ||   839

Table legend:
 A = Turns spent in this place as a percentage of turns spent in the entire game.
 B = Non-inter-level travel turns spent in this place as a percentage of non-inter-level travel turns spent in the entire game.
 C = Inter-level travel turns spent in this place as a percentage of turns spent in this place.
 D = Turns resting spent in this place as a percentage of non-inter-level travel turns spent in this place.
 E = Turns spent auto-exploring this place as a percentage of non-inter-level travel turns spent in this place.
 F = Non-inter-level travel turns spent in this place divided by the number of levels of this place that you've seen.
                   A       B       C       D       E      F
               +-------+-------+-------+-------+-------+----------------------
         Total | 100.0 | 100.0 |   0.2 |   2.2 |   2.5 | 690.2
       Dungeon |  87.3 |  87.2 |   0.3 |   2.5 |   2.9 | 802.8
          Lair |   5.6 |   5.6 |   0.0 |   1.1 |   0.0 | 230.5
         Sewer |   7.2 |   7.2 |   0.0 |   0.0 |   0.0 | 596.0
               +-------+-------+-------+-------+-------+----------------------

Table legend:
 A = Kills in this place as a percentage of kills in entire the game.
 B = Kills by you in this place as a percentage of kills by you in the entire game.
 C = Kills by friends in this place as a percentage of kills by friends in the entire game.
 D = Other kills in this place as a percentage of other kills in the entire game.
 E = Experience gained in this place as a percentage of experience gained in the entire game.
 F = Experience gained in this place divided by the number of levels of this place that you have seen.
                   A       B       C       D       E      F
               +-------+-------+-------+-------+-------+----------------------
         Total | 100.0 | 100.0 |  -nan |  -nan | 100.0 | 515.7
       Dungeon |  90.1 |  90.1 |  -nan |  -nan |  92.9 | 639.0
          Lair |   1.1 |   1.1 |  -nan |  -nan |   6.3 | 194.5
         Sewer |   8.8 |   8.8 |  -nan |  -nan |   0.8 |  48.0
               +-------+-------+-------+-------+-------+----------------------
